 Seeded DCSS version 0.31-a0-128-g25add195a6 (webtiles) character file.

Game seed: 8951350163412572868 (custom seed)

170 Pimp the Digger (level 5, -2/34 HPs)
             Began as an Octopode Earth Elementalist on June 1, 2023.
             Slain by Edmund
             ... wielding a +3 heavy flail
              (15 damage)
             ... on level 4 of the Dungeon.
             The game lasted 00:08:15 (3258 turns).

Pimp the Digger (Octopode Earth Elementalist)       Turns: 3258, Time: 00:08:15

Health: -2/34      AC:  1    Str:  8    XL:     5   Next: 51%
Magic:  5/9        EV: 14    Int: 19    God:
Gold:   129        SH:  0    Dex: 18    Spells: 1/9 levels left

rFire   . .          .
                       - Unarmed
rCold   . . .        (no shield)
rNeg    . . .        (helmet restricted)
rPois   .            c - amulet of the acrobat
rElec   .            e - +6 ring of dexterity
rCorr   .            (no ring)
SInv    .            (no ring)
Will    .....        (no ring)
Stlth   +++          (no ring)
HPRegen 0.25/turn    (no ring)
MPRegen 0.11/turn    (no ring)
                     (no ring)

%: acrobat
@: no status effects
A: almost no armour, amphibious, 8 rings, camouflage 1, gelatinous body 1,
(nimble swimmer 1), tentacles
a: no special abilities


You were on level 4 of the Dungeon.
You visited 1 branch of the dungeon, and saw 4 of its levels.

You collected 129 gold pieces.

Inventory:

Hand Weapons
 l - a +0 short sword of flaming
Missiles
 g - 13 poisoned darts
Jewellery
 c - an amulet of the acrobat (around mantle)
 e - a +6 ring of dexterity (left tentacle)
Scrolls
 b - 2 scrolls of identify
 j - a scroll of poison
Potions
 a - a potion of heal wounds {unknown}
 d - 2 potions of curing
 f - a potion of brilliance {unknown}
 h - a potion of attraction {unknown}


   Skills:
 + Level 1.6 Fighting
 + Level 2.8 Dodging
 - Level 3.0 Stealth
 + Level 1.6 Unarmed Combat
 + Level 2.7 Spellcasting
 + Level 2.2 Transmutations
 + Level 3.6 Earth Magic


You had one spell level left.
You knew the following spells:

 Your Spells              Type           Power      Damage    Failure   Level
a - Sandblast             Erth           32%        2d9       3%          1
b - Stone Arrow           Conj/Erth      18%        3d8       22%         3
c - Passwall              Tmut/Erth      10%        N/A       7%          2
d - Call Imp              Summ           4%         N/A       24%         2

Your spell library contained the following spells:

 Spells                   Type           Power      Damage    Failure   Level
 Magic Dart               Conj           8%         1d3       16%         1
 Mephitic Cloud           Conj/Pois/Air  2%         N/A       43%         3
 Petrify                  Tmut/Erth      13%        N/A       43%         4


Dungeon Overview and Level Annotations

Branches:
Dungeon (4/15)
 Temple: D:4-7

Altars:
Dithmenos
Uskayaw

Annotations:
D:2 Natasha
D:4 Edmund, Menkaure


Innate Abilities, Weirdness & Mutations

You cannot wear most types of armour.
You are amphibious.
You can wear up to eight rings at the same time.
Your skin changes colour to match your surroundings (Stealth+).
Your rubbery body absorbs attacks. (AC +1, EV +1)
((You are camouflaged when in or above water. (Stealth+)))
You have tentacles for arms and can constrict up to eight enemies at once.


Message History

Your cerulean imp dies!
Your cerulean imp disappears in a puff of smoke!
Casting: Call Imp (dangerous; 24% risk of failure)
Confirm with . or Enter, or press ? or * to list all spells.
You miscast Call Imp.
You are very lightly contaminated with residual magic.
Nothing appears to happen.
Casting: Call Imp (dangerous; 24% risk of failure)
Confirm with . or Enter, or press ? or * to list all spells.
A tiny devil pulls itself out of the air.
Your cerulean imp closely misses Edmund.
Your cerulean imp hits Edmund with a -4 spear.
Your cerulean imp hits Edmund with a -4 spear.
Your cerulean imp hits Edmund but does no damage.
Your magical contamination has completely faded away.
Your cerulean imp closely misses Edmund.
Your cerulean imp barely misses Edmund.
Your cerulean imp completely misses Edmund.
There is a hide-covered altar of Uskayaw here.
Your cerulean imp hits Edmund but does no damage.
Edmund says, "You wouldn't believe how much I paid for this flail."
Your cerulean imp hits Edmund but does no damage.
Your cerulean imp disappears in a puff of smoke!
Okay, then.
Casting: Call Imp (dangerous; 24% risk of failure)
Confirm with . or Enter, or press ? or * to list all spells.
You don't know that spell.
Casting: Call Imp (dangerous; 24% risk of failure)
Confirm with . or Enter, or press ? or * to list all spells.
Aiming: Passwall (safe; 7% risk of failure)
Press: ? - help, Dir - move target A rock wall.
Menkaure shouts!
You begin to meditate on the wall.
You continue meditating on the rock.
Edmund hits you with a +3 heavy flail!
Menkaure calls on the powers of darkness!
Your body is wracked with pain!
Edmund convulses!
You continue meditating on the rock.
Edmund hits you with a +3 heavy flail!
You die...

#...._.§.# .#
#.#...§.## .#
#.#..##.## .#
#.#......# .#
#5######.# .#
#.######.#######$#
#................#
########
##########.#########
........
....M..@@..#
########
############


You could see Edmund and Menkaure.

Vanquished Creatures
  Natasha (D:2)
  Robin (D:2)
  5 gnolls
  An adder (D:2)
  A dart slug (D:1)
  6 endoplasms
  6 giant cockroaches
  9 goblins
  9 hobgoblins
  8 kobolds
  10 ball pythons
  4 bats (D:1)
  4 frilled lizards
  5 rats
70 creatures vanquished.

Notes
Turn   | Place    | Note
-------+----------+-------------------------------------------
     0 | D:1      | Pimp the Octopode Earth Elementalist began the quest for
                  | the Orb.
     0 | D:1      | Reached XP level 1. HP: 11/11 MP: 3/3
    85 | D:1      | Reached XP level 2. HP: 17/17 MP: 1/5
   470 | D:1      | Reached XP level 3. HP: 21/21 MP: 0/6
  1180 | D:2      | Noticed Natasha
  1183 | D:2      | Killed Natasha
  1184 | D:2      | Reached skill level 1 in Fighting
  1184 | D:2      | Reached skill level 1 in Unarmed Combat
  1184 | D:2      | Reached XP level 4. HP: 28/28 MP: 3/7
  1438 | D:2      | Noticed Robin
  1469 | D:2      | Killed Robin
  1578 | D:2      | Noticed Natasha
  1772 | D:2      | Reached XP level 5. HP: 33/33 MP: 5/8
  1853 | D:3      | Learned a level 3 spell: Stone Arrow
  1856 | D:3      | Learned a level 2 spell: Passwall
  2280 | D:3      | Learned a level 2 spell: Call Imp
  2372 | D:3      | Found a shadowy altar of Dithmenos.
  2829 | D:4      | Noticed a +0 dagger
  2829 | D:4      | Noticed a +0 dagger
  2840 | D:4      | Found a hide-covered altar of Uskayaw.
  2980 | D:4      | Noticed Menkaure
  3220 | D:4      | Noticed Edmund
  3258 | D:4      | Slain by Edmund

Illustrated notes

Levels and vault maps discovered:
D:1:      dpeg_arrival_refuge, layout_basic, minmay_pentomino_x4
D:2:      layout_basic, nicolae_figureground_sparkle, uniq_natasha, uniq_robin
D:3:      layout_loops_ring, nicolae_dithmenos_through_a_glass_darkly
D:4:      layout_basic, dancing_weapons_uskayaw, kennysheep_generic_room_2,
          uniq_menkaure, uniq_duvessa, uniq_edmund, uniq_ijyb, uniq_pikel

Skill      XL: |  1  2  3  4 |
---------------+-------------+-----
Stealth        | 3 |  3.0
Fighting       | 1 |  1.6
Unarmed Combat | 1 |  1.6
Transmutations | 2 |  2.2
Dodging        | |  2.8
Spellcasting   | |  2.7
Earth Magic    | |  3.6

Action                     |  1- 3 |  4- 6 || total
---------------------------+-------+-------++-------
  Melee: Unarmed           |    20 |     8 ||    28
         Constrict         |     4 |     1 ||     5
         Tentacles         |     2 |       ||     2
         Punch             |       |     1 ||     1
   Cast: Sandblast         |    42 |    52 ||    94
         Call Imp          |       |     8 ||     8
         Passwall          |       |     1 ||     1
    Use: Scroll            |       |     6 ||     6
         Potion            |       |     2 ||     2
 Armour: Skin              |     2 |       ||     2
  Dodge: Dodged            |    15 |    30 ||    45

Table legend: (Time is in decaauts)
 A = Elapsed time spent in this place.
 B = Non-inter-level travel time spent in this place.
 C = Inter-level travel time spent in this place.
 D = Time resting spent in this place.
 E = Time spent auto-exploring this place.
 F = Levels seen in this place.
 G = Mean time per level.
                   A        B        C        D        E       F      G
               +--------+--------+--------+--------+--------+-----+--------+
         Total |   3306 |   3096 |    210 |    486 |   2021 |   4 |  826.5 |
       Dungeon |   3306 |   3096 |    210 |    486 |   2021 |   4 |  826.5 |
               +--------+--------+--------+--------+--------+-----+--------+

Top non-repeatable levels by time:
     D:1: 1199 daAuts
     D:3: 1151 daAuts
     D:2: 651 daAuts
     D:4: 303 daAuts
